 Dungeon Crawl Stone Soup version 0.22-a0-388-g09e6169 (webtiles) character file.

126 erloom the Changer (level 4, 0/35 HPs)
             Began as a Draconian Transmuter on Apr 29, 2018.
             Succumbed to a scorpion's poison
             ... on level 4 of the Dungeon.
             The game lasted 00:11:08 (2978 turns).

erloom the Changer (Draconian Transmuter)           Turns: 2978, Time: 00:11:08

Health: 0/35       AC:  9    Str:  9 (12) XL:     4   Next: 83%
Magic:  9/9        EV: 12    Int: 13 (14) God:
Gold:   221        SH:  0    Dex: 10 (12) Spells: 7/10 levels left

rFire    . . .     SeeInvis .     - Unarmed
rCold    . . .     Gourm    +   (no shield)
rNeg     . . .     Faith    .   (armour unavailable)
rPois    .         Spirit   .   (helmet restricted)
rElec    .         Reflect  .   (no cloak)
rCorr    .         Harm     .   (no gloves)
MR       +....                  j - +0 pair of boots
Stlth    +.........             m - amulet of the gourmand
HPRegen  0.11/turn              e - +3 ring of protection
MPRegen  0.11/turn              f - ring of protection from magic

@: lethally poisoned (0 -> -15), about to teleport
A: unfitting armour, deterioration 1, wild magic 1, cold-blooded, AC +5
a: no special abilities


You were on level 4 of the Dungeon.
You were completely stuffed.

You visited 1 branch of the dungeon, and saw 4 of its levels.

You collected 221 gold pieces.

Inventory:

Hand Weapons
 p - a cursed -1 flail
Missiles
 a - 36 arrows
Armour
 j - a +0 pair of boots (worn)
Jewellery
 e - a +3 ring of protection (left hand)
 f - a ring of protection from magic (right hand)
 m - an amulet of the gourmand (around neck)
 r - an uncursed ring of positive energy {unknown}
Scrolls
 b - 6 scrolls of identify {unknown}
 h - 3 scrolls of remove curse {unknown}
 k - a scroll of enchant armour {unknown}
 q - a scroll of random uselessness {unknown}
Potions
 g - a potion of degeneration
Comestibles
 c - 8 rations


   Skills:
 - Level 1.1 Fighting
 - Level 1.7 Dodging
 - Level 3.0 Unarmed Combat
 - Level 3.5 Spellcasting
 + Level 3.9 Transmutations


You had 7 spell levels left.
You knew the following spells:

 Your Spells              Type           Power        Failure   Level  Hunger
a - Beastly Appendage     Tmut           ###...       7%          1    #......
b - Sticks to Snakes      Tmut           ###.....     10%         2    ##.....


Dungeon Overview and Level Annotations

Branches:
Dungeon (4/15)
 Temple: D:4-7

Altars:
Gozag

Annotations:
D:2 Sigmund


Innate Abilities, Weirdness & Mutations

Your plain brown scales are hard. (AC +5)
You cannot fit into any form of body armour.
You are cold-blooded and may be slowed by cold attacks.
Your body sometimes deteriorates upon taking damage.
Your spells are a little harder to cast, but a little more powerful.


Message History

The scorpion is moderately wounded.
You feel sick. The scorpion barely misses you.
You closely miss the scorpion.
The scorpion is moderately wounded.
You feel sick. The scorpion stings you.
You hit the scorpion.
You tail-slap the scorpion, but do no damage.
The scorpion is moderately wounded.
The scorpion stings you.
You are lethally poisoned!
The scorpion poisons you!
It was a potion of cancellation.
Your magical effects are unravelling.
You feel magically purged.
You float gracefully downwards.
You feel sick. The scorpion stings you!
* * * LOW HITPOINT WARNING * * *
Okay, then.
As you read the scroll labeled GEAKUS MOKEUDI, it crumbles to dust.
You feel strangely unstable.
It was a scroll of teleportation.
You die...

### #####
#.####.#.#
#........####
#.######...<# #@#
###### ######s#
#....#.#
.###......#
..........#
......##..#######
..... +....>.....
.... ##..#....##
####...........#


You could see a scorpion.

Vanquished Creatures
  A crimson imp (D:2)
  2 adders (D:3)
  An ooze (D:1)
  A worm (D:2)
  3 leopard geckos
  An orc (D:3)
  3 bats
  6 giant cockroaches
  5 hobgoblins (D:3)
  11 jackals
  10 kobolds
  2 ball pythons
  3 frilled lizards
  3 goblins
  10 rats
62 creatures vanquished.

Notes
Turn   | Place    | Note
-------+----------+-------------------------------------------
     0 | D:1      | erloom the Draconian Transmuter began the quest for the Orb.
     0 | D:1      | Reached XP level 1. HP: 16/16 MP: 3/3
    50 | D:1      | Reached XP level 2. HP: 23/23 MP: 5/5
   586 | D:1      | Learned a level 2 spell: Sticks to Snakes
   790 | D:2      | Noticed Sigmund
   861 | D:2      | Reached XP level 3. HP: 23/28 MP: 7/7
  1205 | D:2      | Reached XP level 4. HP: 32/35 MP: 9/9
  2601 | D:3      | Found an opulent altar of Gozag.
  2971 | D:4      | Gained mutation: You are agile. (Dex +2) [potion of mutation]
  2971 | D:4      | Gained mutation: Your body sometimes deteriorates upon taking damage. [potion of mutation]
  2971 | D:4      | Lost mutation: You are agile. (Dex +2) [potion of mutation]
  2971 | D:4      | Gained mutation: Your spells are a little harder to cast, but a little more powerful. [potion of mutation]
  2978 | D:4      | Succumbed to a scorpion's poison

Vault maps used:
D:1:      nicolae_arrival_washed_ashore, minmay_misc_feat_encased,
          supply_closet_lemuel
D:2:      uniq_sigmund
D:3:      lemuel_round_altar, first_ration, nrook_mini_backslash,
          corner_web_ring
D:4:      kennysheep_mini, nicolae_tso_carved_into_rock, lemuel_doored_altar,
          serial_forest, infiniplex_forest_straight_2,
          infiniplex_forest_straight_3, infiniplex_forest_straight_5,
          infiniplex_forest_end_3, infiniplex_forest_clump_diagonal,
          infiniplex_forest_lined_3, infiniplex_forest_clump_C,
          minmay_item_behind_shaft, roderic_roman_lattice,
          minmay_misc_feat_plants, uniq_crazy_yiuf_cottage

Skill      XL: |  1  2  3  4 |
---------------+-------------+-----
Spellcasting   | 3 |  3.5
Transmutations | 3 |  3.9
Fighting       | |  1.1
Dodging        | |  1.7
Unarmed Combat | |  3.0

Action                   |  1- 3 |  4- 6 || total
-------------------------+-------+-------++-------
Melee: Unarmed           |   151 |   169 ||   320
       Tailslap          |    20 |    19 ||    39
       Punch             |     1 |     1 ||     2
       Headbutt          |     1 |    13 ||    14
 Cast: Beastly Appendage |     4 |    12 ||    16
       Sticks to Snakes  |     2 |       ||     2
  Use: Potion            |       |     5 ||     5
       Scroll            |       |     1 ||     1
 Stab: Sleeping          |       |     1 ||     1
  Eat: Chunk             |     1 |    19 ||    20
Armor: Skin              |    44 |    57 ||   101
Dodge: Dodged            |    82 |   114 ||   196

Table legend:
 A = Spawn XP
 B = Non-spawn XP
 C = Spawn XP percentage of total XP
 D = Spawn monster count
 E = Non-spawn monster count
 F = Spawn count percentage of total count
 G = Total turns spent on level
                    A         B        C        D         E        F      G
               +---------+---------+-------+---------+---------+-------+---------
         Total |       0 |     180 |   0.0 |       0 |      62 |   0.0 |  2978
               +---------+---------+-------+---------+---------+-------+---------
           D:1 |       0 |      36 |   0.0 |       0 |      19 |   0.0 |   764
           D:2 |       0 |      80 |   0.0 |       0 |      20 |   0.0 |  1065
           D:3 |       0 |      63 |   0.0 |       0 |      22 |   0.0 |  1093
           D:4 |       0 |       1 |   0.0 |       0 |       1 |   0.0 |    56
               +---------+---------+-------+---------+---------+-------+---------
